 Dungeon Crawl Stone Soup version 0.23.2 (webtiles) character file.

Game seed: 12214462249528144970

109 Kairos the Skirmisher (level 5, 42/42 HPs)
             Began as a Formicid Abyssal Knight on Apr 12, 2019.
             Was a Believer of Lugonu.
             Quit the game on level 2 of the Dungeon.
             The game lasted 00:03:06 (1806 turns).

Kairos the Skirmisher (Formicid Abyssal Knight)     Turns: 1806, Time: 00:03:07

Health: 42/42      AC:  9    Str: 17    XL:     5   Next: 13%
Magic:  5/5        EV:  4    Int: 12    God:    Lugonu [**....]
Gold:   144        SH:  7    Dex: 10    Spells: 4/4 levels left

rFire    . . .     SeeInvis +   a - +1 hand axe
rCold    . . .     Gourm    .   j - +0 shield
rNeg     . . .     Faith    .   f - +0 chain mail
rPois    .         Spirit   +   (helmet unavailable)
rElec    .         Reflect  .   (no cloak)
rCorr    .         Harm     .   (no gloves)
MR       .....                  (no boots)
Stlth    ..........             e - amulet of guardian spirit
HPRegen  0.14/turn              (no ring)
MPRegen  0.09/turn              (no ring)

@: no status effects
A: permanent stasis, dig shafts and tunnels, four strong arms, antennae 3,
talons 1, deterioration 1, low mp 1
a: Dig, Shaft Self, Depart the Abyss, Bend Space, Renounce Religion


You were on level 2 of the Dungeon.
You worshipped Lugonu.
Lugonu was pleased with you.
You were not hungry.

You visited 1 branch of the dungeon, and saw 2 of its levels.
You visited the Abyss 1 time.

You collected 144 gold pieces.

Inventory:

Hand Weapons
 a - a +1 hand axe (weapon)
Armour
 b - a +0 leather armour
 f - a +0 chain mail (worn)
 j - a +0 shield (worn)
Jewellery
 e - an amulet of guardian spirit (around neck)
Potions
 g - 2 potions of agility
Comestibles
 c - 4 rations
 d - 2 chunks of flesh


   Skills:
 + Level 4.2 Fighting
 + Level 2.9 Axes
 + Level 3.4 Armour
 + Level 1.6 Dodging
 + Level 0.7 Shields
 + Level 2.2 Invocations


You had 4 spell levels left.
You didn't know any spells.
Your spell library was empty.

Dungeon Overview and Level Annotations

Branches:
Dungeon (2/15)

Altars:
Nemelex Xobeh
Xom


Innate Abilities, Weirdness & Mutations

You cannot be hasted, slowed, berserked, paralysed or teleported.
You can dig through walls and to a lower floor.
Your four strong arms can wield two-handed weapons with a shield.
You have a pair of large antennae on your head. (SInv)
You have sharp toenails.
Your body sometimes deteriorates upon taking damage.
Your magical capacity is low. (-10% MP)


Message History

Unknown command.
Unknown command.
Eating one of 3 chunks of flesh.
You eat one of the 3 chunks of flesh.
This raw flesh tastes terrible.
k - a scroll labeled TETOKOLLISK No target in view!
Found a stone staircase leading up.
No target in view!
Done exploring.
No target in view!
Done exploring.
No target in view!
Done exploring.
As you read the scroll labeled TETOKOLLISK, it crumbles to dust.
You feel blessed for a moment.
It was a scroll of remove curse.
It was a potion of curing.
You feel better.
It was a potion of mutation.
You feel extremely strange.
You feel less energetic.
You feel yourself wasting away.
Your toenails lengthen and sharpen.
Are you sure you want to abandon this character and quit the game? (Confirm with "yes".)

### #####.# #.....# #@###.#
####### #..<#.#
#.....#########.#######
######.###.##.(......#..†..#
......[.....#.....####.###.#
#######.#.....÷...'....# #.#
.....##...........########.###
####.#(.....<...[............#
...#.#(......#############.#.#


There were no monsters in sight!

Vanquished Creatures
  A worker ant (D:2)
  3 adders (D:2)
  A dart slug (D:2)
  A ball python (D:2)
  3 giant cockroaches
  4 goblins
  8 hobgoblins
  7 jackals
  6 bats
  6 frilled lizards
  11 kobolds
  6 rats
57 creatures vanquished.

Notes
Turn   | Place    | Note
-------+----------+-------------------------------------------
     0 | Abyss:1  | Kairos the Formicid Abyssal Knight began the quest for the
                  | Orb.
     0 | Abyss:1  | Reached XP level 1. HP: 18/18 MP: 2/2
    22 | Abyss:1  | Found a corrupted altar of Lugonu.
    74 | Abyss:2  | Found a corrupted altar of Lugonu.
    74 | Abyss:2  | Noticed a quasit
    79 | Abyss:2  | Noticed an iron imp
   131 | Abyss:3  | Noticed a large abomination
   131 | Abyss:3  | Noticed a raiju
   143 | Abyss:3  | Found a corrupted altar of Lugonu.
   145 | Abyss:3  | Noticed an ice statue
   146 | Abyss:3  | Noticed an ice beast
   152 | Abyss:3  | Noticed a red very ugly thing
   153 | Abyss:3  | Found a corrupted altar of Lugonu.
   155 | D:1      | Escaped the Abyss
   234 | D:1      | Reached * piety under Lugonu
   269 | D:1      | Reached XP level 2. HP: 17/25 MP: 0/3
   549 | D:1      | Reached skill level 4 in Fighting
   599 | D:1      | Reached XP level 3. HP: 30/30 MP: 4/4
   883 | D:1      | Reached skill level 1 in Dodging
  1224 | D:2      | Reached XP level 4. HP: 35/37 MP: 3/5
  1244 | D:2      | Found a shimmering altar of Xom.
  1244 | D:2      | Found a sparkling altar of Nemelex Xobeh.
  1479 | D:2      | Reached ** piety under Lugonu
  1671 | D:2      | Reached XP level 5. HP: 41/42 MP: 4/6
  1805 | D:2      | Gained mutation: Your magical capacity is low. (-10% MP)
                  | [potion of mutation]
  1805 | D:2      | Gained mutation: Your body sometimes deteriorates upon
                  | taking damage. [potion of mutation]
  1805 | D:2      | Gained mutation: You have sharp toenails. [potion of
                  | mutation]
  1806 | D:2      | Quit the game

Skill      XL: |  1  2  3  4 |
---------------+-------------+-----
Fighting       | 4 |  4.2
Dodging        | 1 |  1.6
Armour         | 3 |  3.4
Axes           | |  2.9
Shields        | |  0.7
Invocations    | |  2.2

Action                   |  1- 3 |  4- 6 || total
-------------------------+-------+-------++-------
Melee: Hand axe          |   137 |    70 ||   207
Invok: Depart the Abyss  |     1 |       ||     1
 Abil: Dig               |     5 |       ||     5
  Use: Potion            |     2 |     2 ||     4
       Scroll            |     2 |     1 ||     3
  Eat: Chunk             |     1 |     3 ||     4
Armor: Chain mail        |   124 |    57 ||   181
Dodge: Dodged            |    58 |    13 ||    71
Block: Shield            |    28 |    27 ||    55
